 Dungeon Crawl Stone Soup version 0.16-a0-3338-g714714c (webtiles) character file.

91 celem the Chiller (level 4, 0/24 HPs)
             Began as a Deep Elf Ice Elementalist on Dec 28, 2014.
             Slain by a hound skeleton (2 damage)
             ... on level 3 of the Dungeon.
             The game lasted 00:09:01 (2384 turns).

celem the Chiller (Deep Elf Ice Elementalist)       Turns: 2384, Time: 00:09:01

Health: 0/24       AC:  2    Str:  6    XL:     4   Next: 33%
Magic:  13/13      EV: 13    Int: 20    God:
Gold:   103        SH:  0    Dex: 15    Spells: 3 memorised, 2 levels left

rFire  . . .     SeeInvis .     n - +2 dagger (venom)
rCold  . . .     Clarity  .     a - +0 robe
rNeg   . . .     SustAb   .     (no shield)
rPois  .         Gourm    .     (no helmet)
rElec  .         Spirit   .     (no cloak)
rCorr  .         Warding  .     (no gloves)
rMut   .         Stasis   .     (no boots)
MR     .....                    (no amulet)
Stlth  ++........               (no ring)
                                (no ring)

@: not resistant to hostile enchantments, unstealthy
A: no striking features
a: no special abilities


You were on level 3 of the Dungeon.
You were not hungry.

You visited 1 branch of the dungeon, and saw 3 of its levels.

You collected 103 gold pieces.

Inventory:

Hand weapons
 d - a +0 club
 e - a +0 dagger
 n - a +2 dagger of venom (weapon)
Armour
 a - a +0 robe (worn)
Jewellery
 h - an uncursed ring of positive energy {unknown}
 i - an uncursed ring of wizardry {unknown}
 m - an uncursed ring of see invisible {unknown}
Scrolls
 g - a scroll of remove curse {unknown}
 o - 2 scrolls of identify {unknown}
 q - a scroll of noise {unknown}
Potions
 f - 2 potions of ambrosia {unknown}
 j - 2 potions of flight {unknown}
 k - a potion of invisibility {unknown}
 r - a potion of heal wounds {unknown}
Books
 b - a book of Frost

   Spells                             Type                      Level
   a - Freeze                         Ice                          1
   b - Throw Frost                    Conjuration/Ice              2
   c - Ozocubu's Armour               Charms/Ice                   3
   d - Throw Icicle                   Conjuration/Ice              4
   e - Summon Ice Beast               Ice/Summoning                4
   f - Condensation Shield            Ice                          4
Comestibles
 c - a bread ration
 l - 2 meat rations
 p - a beef jerky


   Skills:
 - Level 2.5 Dodging
 - Level 2.4 Stealth
 - Level 3.0 Spellcasting
 + Level 1.9 Conjurations
 - Level 5.4 Ice Magic


You had 2 spell levels left.
You knew the following spells:

 Your Spells              Type           Power        Failure   Level  Hunger
a - Freeze                Ice            ###.         1%          1    None
b - Throw Frost           Conj/Ice       ###...       6%          2    ##.....
c - Throw Icicle          Conj/Ice       ###.....     38%         4    ####...


Dungeon Overview and Level Annotations

Branches:
Dungeon (3/15)

Altars:
Trog
Yredelemnul
The Shining One


Message History

* * * LOW HITPOINT WARNING * * *
You barely miss the hound skeleton. The hound skeleton barely misses you.
You hit the hound skeleton. The hound skeleton closely misses you.
The hound skeleton bites you.
* * * LOW HITPOINT WARNING * * *
You hear the rusting of a drain, a long way away.
The hound skeleton closely misses you.
You see here a runed spear.
The hound skeleton closely misses you. The hound skeleton bites you.
* * * LOW HITPOINT WARNING * * *
The hound skeleton misses you. The hound skeleton closely misses you.
Your magical contamination has completely faded away.
The hound skeleton bites you.
* * * LOW HITPOINT WARNING * * *
The hound skeleton closely misses you.
There is a stone staircase leading up here.
The hound skeleton bites you.
You die...

#.# #.#
#####.#######.#
..............#
#####.##############.
.)# #.# #..........
#.# #.#####.########.
#.###.......###
..............######.#
#.##########...Z@....#
#.# #..######..... ..#
#..# # ### #..# #..<
#.... #.... #.....
#.#...


You could see a hound skeleton.

Vanquished Creatures
  2 adders
  A giant mite (D:1)
  4 giant geckos
  2 oozes (D:1)
  2 orcs (D:3)
  13 bats
  2 giant cockroaches (D:1)
  9 goblins
  12 hobgoblins
  7 kobolds
  2 giant newts
  5 jackals
  4 rats
65 creatures vanquished.

Notes
Turn   | Place    | Note
--------------------------------------------------------------
     0 | D:1      | celem, the Deep Elf Ice Elementalist, began the quest for the Orb.
     0 | D:1      | Reached XP level 1. HP: 10/10 MP: 5/5
   293 | D:1      | Reached XP level 2. HP: 10/15 MP: 4/8
   296 | D:1      | Reached skill level 4 in Ice Magic
   592 | D:1      | Reached XP level 3. HP: 15/19 MP: 7/10
  1012 | D:1      | Reached skill level 5 in Ice Magic
  1439 | D:2      | Found a basalt altar of Yredelemnul.
  1440 | D:2      | Noticed a profane servitor
  1741 | D:2      | Found a bloodstained altar of Trog.
  1808 | D:2      | Reached XP level 4. HP: 24/24 MP: 10/13
  1812 | D:2      | Learned a level 2 spell: Throw Frost
  1817 | D:2      | Learned a level 4 spell: Throw Icicle
  1884 | D:2      | Found a glowing golden altar of the Shining One.
  1885 | D:2      | Noticed an angel
  2379 | D:3      | HP: 1/24 [hound skeleton (1)]
  2384 | D:3      | Slain by a hound skeleton

Action                   |  1- 3 |  4- 6 || total
-------------------------+-------+-------++-------
Melee: Club              |     2 |       ||     2
       Dagger            |    38 |    14 ||    52
 Cast: Freeze            |    54 |    20 ||    74
 Stab: Sleeping          |     6 |     1 ||     7
  Eat: Chunk             |     3 |     1 ||     4
